 Dungeon Crawl Stone Soup version 0.28-a0-695-gff097466f2 (webtiles) character file.

Game seed: 4731751320705311026

35656 BlueGoblin the Acrobat (level 13, -1/58 HPs)
             Began as a Spriggan Monk on Oct 22, 2021.
             Was a High Priest of Ru.
             Drowned by a drowned soul (16 damage)
             ... summoned by a merfolk avatar
             ... on level 6 of the Lair of Beasts.
             The game lasted 00:37:43 (19139 turns).

BlueGoblin the Acrobat (Spriggan Monk)             Turns: 19139, Time: 00:37:44

Health: -1/58      AC: 10    Str: 11    XL:     13   Next: 48%
Magic:  10/14      EV: 54    Int: 15    God:    Ru [*****.]
Gold:   1056       SH:  7    Dex: 30    Spells: 12/12 levels left

rFire   . . .      SeeInvis +   h - +8 dagger of the Skies Above {drain, Str+4 Dex+2}
rCold   . . .      Faith    .   W - +0 buckler
rNeg    . . .      Spirit   .   B - +2 robe {Archmagi}
rPois   .          Reflect  .   s - +1 hat
rElec   .          Harm     .   b - +0 cloak of Hopscotch {Int+3}
rCorr   .          Rampage  .   (gloves unavailable)
Will    ++...      Archmagi +   (boots unavailable)
Stlth   ++........              O - amulet of regeneration
HPRegen 1.19/turn               p - +4 ring of protection
MPRegen 0.14/turn               K - +6 ring of dexterity

@: exhausted, unable to drink, mesmerised, slow
A: no potions, very small, no large weapons, unfitting armour, see invisible,
speed 3, inability to drink while threatened, hated by all, no earth magic, no
hexes magic, no translocations magic, unskilled 1
a: Renounce Religion, Draw Out Power, Power Leap, Apocalypse


You were on level 6 of the Lair of Beasts.
You worshipped Ru.
Ru was extremely pleased with you.
You visited 3 branches of the dungeon, and saw 18 of its levels.

You collected 1056 gold pieces.

Inventory:

Hand Weapons
 h - the +8 dagger of the Skies Above (weapon) {drain, Str+4 Dex+2}
   (You found it on level 4 of the Dungeon)

   A truly terrible weapon, it drains the life of any living foe it strikes.
   Str:       It affects your strength (+4).
   Dex:       It affects your dexterity (+2).
 k - a +0 short sword of distortion
 l - a +0 dagger of freezing
 y - a +4 short sword
 E - a +3 short sword
 H - a +2 short sword of flaming
Missiles
 g - 2 throwing nets
 r - 32 poisoned darts
 L - 9 curare-tipped darts
 N - 6 atropa-tipped darts
Armour
 b - the +0 cloak of Hopscotch (worn) {Int+3}
   (You found it on level 7 of the Dungeon)

   Int:       It affects your intelligence (+3).
 s - a +1 hat (worn)
 B - a +2 robe of the Archmagi (worn)
 R - the +1 robe "Kareoh" {MP+9}
   (You found it on level 4 of the Lair of Beasts)

   MP:        It affects your magic capacity (+9).
 W - a +0 buckler (worn)
Jewellery
 d - a +4 ring of slaying
 p - a +4 ring of protection (left hand)
 u - a +6 ring of strength
 v - a ring of magical power
 K - a +6 ring of dexterity (right hand)
 O - an amulet of regeneration (around neck)
Wands
 m - a wand of iceblast (40)
 o - a wand of paralysis (24)
 t - a wand of polymorph (16)
 G - a wand of digging (4)
 J - a wand of flame (42)
Scrolls
 f - 11 scrolls of teleportation
 q - a scroll of blinking
 A - 4 scrolls of magic mapping
 D - a scroll of brand weapon {unknown}
 I - 7 scrolls of identify
 P - a scroll of amnesia {unknown}
 T - a scroll of torment {unknown}
 U - a scroll of silence {unknown}
Potions
 c - a potion of might
 e - 9 potions of curing
 i - 3 potions of haste
 j - a potion of berserk rage
 n - 3 potions of attraction
 x - 2 potions of magic
 z - a potion of invisibility {unknown}
 C - 4 potions of brilliance
 F - a potion of cancellation {unknown}
 M - a potion of heal wounds
 S - 3 potions of ambrosia {unknown}
Miscellaneous
 a - a phial of floods


   Skills:
 - Level 2.1 Fighting
 - Level 3.0 Short Blades
 + Level 26.2 Dodging
 - Level 2.6 Stealth
 + Level 0.3 Shields


You had 12 spell levels left.
You didn't know any spells.
Your spell library contained the following spells:

 Spells                   Type           Power      Damage    Failure   Level
 Shock                    Conj/Air       0%         1d3       41%         1
 Corpse Rot               Necr/Air       0%         N/A       54%         2
 Swiftness                Air            0%         N/A       78%         3
 Airstrike                Air            0%         N/A       99%         4
 Dispel Undead            Necr           0%         3d6       99%         4
 Freezing Cloud           Conj/Ice/Air   0%         6-21      100%        5
 Lightning Bolt           Conj/Air       0%         1d11      100%        5
 Summon Lightning Spire   Summ/Air       Unusable   N/A       N/A         4
 Death Channel            Necr           Unusable   N/A       N/A         6

Dungeon Overview and Level Annotations

Branches:
Dungeon (11/15)            Temple (1/1) D:5            Lair (6/6) D:11
  Swamp (0/4) Lair:2        Snake (0/4) Lair:4        Slime (0/5) Lair:6
    Orc: D:9-12

Altars:
Ashenzari
Cheibriados
Dithmenos
Elyvilon
Fedhas
Gozag
Hepliaklqana
Kikubaaqudgha
Makhleb
Nemelex Xobeh
Okawaru
Qazlal
Ru
Sif Muna
Trog
Uskayaw
Vehumet
Wu Jian
Xom
Yredelemnul
Zin
The Shining One

Shops:
D:5 [

Annotations:
D:5 3 runed translucent doors, Burgietje's ghost, novice FoAM; McIrco's ghost, novice MiFi; TimeIsEndless's ghost, novice VSFi
Lair:2 exclusion: 2 oklob plants


Innate Abilities, Weirdness & Mutations

You cannot drink.
You are very small and have problems with some larger weapons.
You are too small for most types of armour.
You have supernaturally acute eyesight. (SInv)
You cover ground extremely quickly. (Speed+++)
You sometimes lose the ability to drink potions when taking damage.
You are hated by all.
You cannot study or cast Earth magic.
You cannot study or cast Hexes magic.
You cannot study or cast Translocations magic.
You are somewhat unskilled. (-1 Apt)


Message History

The merfolk avatar chants a haunting song.
You resist with almost no effort. The drowned soul touches you.
The drowned soul drowns you!
You feel threatened and lose the ability to drink potions!
You are too injured to fight recklessly!
You are too injured to fight recklessly!
You are too injured to fight recklessly!
You are too injured to fight recklessly!
You are too injured to fight recklessly!
Unknown command.
You are too injured to fight recklessly!
You are too injured to fight recklessly!
You are too injured to fight recklessly!
You hit the merfolk avatar.
The merfolk avatar is moderately wounded.
The merfolk avatar chants a haunting song.
You resist with almost no effort.
You closely miss the merfolk avatar.
The merfolk avatar is moderately wounded.
The drowned soul touches you. The drowned soul drowns you!
You cannot drink potions in your current state!
Unknown command.
Okay, then.
The merfolk avatar chants a haunting song.
You are mesmerised by the merfolk avatar!
You cannot move away from the merfolk avatar!
You cannot drink potions in your current state!
Unknown command.
You cannot drink potions in your current state!
Unknown command.
As you read the scroll of fear, it crumbles to dust.
You assume a fearsome visage.
The drowned soul is unaffected. x2
The merfolk avatar resists with almost no effort.
The drowned soul touches you. The drowned soul drowns you!
* * * LOW HITPOINT WARNING * * *
The merfolk avatar begins to cast a spell, but is stunned by your conviction!
As you read the scroll of fog, it crumbles to dust.
The scroll dissolves into smoke.
The drowned soul touches you. The drowned soul drowns you!
You die...

....##≈≈##≈≈##≈≈##≈≈≈#≈≈#.≈≈#≈...
....#≈≈..#≈≈P#≈≈≈≈≈≈##≈≈##≈≈##≈..
....≈≈≈≈≈≈≈≈≈≈.≈.#≈≈≈≈≈≈≈≈≈≈≈≈...
....≈≈≈≈.≈≈≈.≈≈≈.≈≈.≈≈≈≈≈≈.≈.≈≈..
†...##.######.#≈≈≈#########≈##...
....≈#≈# ≈8#⌠≈#≈#≈≈.≈⌠#8≈≈≈≈≈....
...≈≈≈.≈ ≈..≈≈§.§P§≈≈≈#≈≈≈≈≈≈≈...
....≈≈≈≈ ≈≈.≈≈§§§§§≈≈≈#≈≈≈≈≈≈≈...
....##≈≈ #≈#≈.≈#@##≈8≈#≈.≈≈.##...
....≈#≈ ≈≈≈≈≈#§§§§#≈.≈#.P#≈≈#.≈P
...≈≈≈≈ 8≈≈P≈≈[≈m!#.≈.≈≈≈≈≈P≈≈≈.
...≈≈≈≈ 8≈≈≈≈≈=≈≈}#≈..#.≈≈≈≈≈.#.
....##≈ ≈≈≈≈≈#:})!#.≈≈≈#.#≈##...
.##≈##≈ #.#≈8##≈###..##≈≈≈.#≈≈..
...≈≈≈≈ ≈≈ #≈≈≈≈..≈≈≈≈#≈≈≈≈≈≈≈...
...≈≈≈≈≈ #≈≈≈≈≈≈≈≈≈≈#≈P≈≈≈≈....
...≈##≈# ≈8.⌠≈≈.≈≈≈≈≈⌠#8≈≈#≈##...


You could see a merfolk avatar (mesmerising).

Vanquished Creatures
  4 hydras
  Erica (D:10)
  A catoblepas (Lair:6)
  5 death yaks (Lair:4)
  Sonja (D:10)
  2 sea snakes (Lair:6)
  An oklob plant (Lair:6)
  A manticore (Lair:6)
  6 elephants (Lair:6)
  5 black mambas
  A torpor snail (Lair:5)
  10 cane toads
  An unseen horror (D:7)
  4 komodo dragons
  2 rime drakes (Lair:6)
  5 polar bears
  Prince Ribbit (D:7)
  14 blink frogs
  2 hornets
  A meliai zombie (D:11)
  A shadow (D:11)
  Sigmund (D:2)
  A wraith (D:10)
  3 wyverns
  A basilisk (Lair:3)
  42 yaks
  Eustachio (D:4)
  2 steam dragons
  4 vampire mosquitoes
  3 nagas (Lair:4)
  An acid dragon (D:9)
  19 water moccasins
  Duvessa (D:6)
  2 orc warriors (D:8)
  2 ice beasts (D:7)
  A necrophage (D:6)
  2 ogres
  4 wolves (Lair:4)
  2 centaurs
  2 kobold brigands
  9 bullfrogs
  5 scorpions
  Dowan (D:6)
  5 wights (D:7)
  An electric eel (Lair:2)
  2 howler monkeys
  5 centaur zombies
  2 hounds (D:5)
  Crazy Yiuf (D:2)
  3 jellies
  5 orc priests
  2 centaur skeletons
  2 iguanas
  Terence (D:2)
  5 orc wizards
  2 scorpion zombies (D:5)
  A killer bee zombie (D:5)
  A hound zombie (D:5)
  A hound skeleton (D:3)
  2 howler monkey zombies
  Robin (D:2)
  4 gnolls (D:4)
  5 adders
  A shadow imp (D:6)
  2 white imps (D:7)
  An ufetubus (D:6)
  2 worms (D:3)
  2 dart slugs
  29 orcs
  8 bats
  7 endoplasms
  3 giant cockroaches
  15 goblins
  6 hobgoblins
  14 kobolds
  2 quokkas
  9 ball pythons
  4 frilled lizards
  7 rats
341 creatures vanquished.

Vanquished Creatures (others)
  A hydra (D:11)
  A cane toad (Lair:6)
  A yak (Lair:5)
  A water moccasin (Lair:6)
  A wolf (Lair:4)
  23 fungi
  87 plants
115 creatures vanquished.

Grand Total: 456 creatures vanquished

Notes
Turn   | Place    | Note
-------+----------+-------------------------------------------
     0 | D:1      | BlueGoblin the Spriggan Monk began the quest for the Orb.
     0 | D:1      | Reached XP level 1. HP: 11/11 MP: 2/2
    85 | D:2      | Noticed Sigmund
   385 | D:1      | Reached XP level 2. HP: 14/16 MP: 3/3
   469 | D:1      | Reached skill level 5 in Dodging
   882 | D:2      | Found a faded altar of an unknown god.
   943 | D:2      | Noticed Terence
  1153 | D:2      | Killed Sigmund
  1154 | D:2      | Reached skill level 8 in Dodging
  1154 | D:2      | Reached XP level 3. HP: 10/19 MP: 4/4
  1154 | D:2      | Reached XP level 4. HP: 12/23 MP: 5/5
  1154 | D:2      | Reached XP level 5. HP: 14/27 MP: 6/6
  1409 | D:2      | Killed Terence
  1642 | D:2      | Found a runed translucent door.
  1643 | D:2      | Noticed Crazy Yiuf
  1687 | D:2      | Noticed Robin
  1848 | D:2      | Killed Robin
  2046 | D:3      | Reached XP level 6. HP: 32/32 MP: 7/7
  2103 | D:3      | Reached skill level 9 in Dodging
  2522 | D:3      | Got Sif Muna's Catalogue of Lightness
  2880 | D:2      | Killed Crazy Yiuf
  3431 | D:4      | Identified the +8 dagger of the Skies Above {drain, Str+4
                  | Dex+2}
  3482 | D:4      | Reached skill level 10 in Dodging
  3529 | D:4      | Reached XP level 7. HP: 35/35 MP: 8/8
  3611 | D:4      | Noticed Eustachio
  4054 | D:4      | Killed Eustachio
  4055 | D:4      | Reached skill level 11 in Dodging
  4474 | D:5      | Entered Level 5 of the Dungeon
  4520 | D:5      | Found Boenomue's Antique Armour Emporium.
  5002 | D:5      | Reached skill level 12 in Dodging
  5144 | D:5      | Found a runed translucent gate.
  5144 | D:5      | Found a runed translucent gate.
  5144 | D:5      | Found a runed translucent gate.
  5144 | D:5      | Noticed TimeIsEndless's ghost (novice VSFi)
  5145 | D:5      | Noticed McIrco's ghost (novice MiFi)
  5145 | D:5      | Noticed Burgietje's ghost (novice FoAM)
  5178 | D:5      | Found a staircase to the Ecumenical Temple.
  5184 | Temple   | Entered the Ecumenical Temple
  5337 | Temple   | Became a worshipper of Ru the Awakened
  5338 | Temple   | Gained mutation: You sometimes lose the ability to drink
                  | potions when taking damage. [Ru sacrifice]
  5338 | Temple   | Reached * piety under Ru
  5586 | D:5      | Reached XP level 8. HP: 39/39 MP: 9/9
  6307 | D:5      | Reached skill level 13 in Dodging
  6819 | D:6      | Noticed Duvessa
  6819 | D:6      | Noticed Dowan
  6822 | D:6      | Killed Dowan
  7128 | D:6      | Reached skill level 14 in Dodging
  7421 | D:6      | Killed Duvessa
  7448 | D:6      | Reached skill level 15 in Dodging
  7740 | D:6      | Identified the +4 whip "Giant's Curse" {speed, rPois rCorr
                  | Str-3 Dex-4}
  7802 | D:7      | Reached XP level 9. HP: 43/43 MP: 10/10
  7850 | D:7      | Identified the +0 cloak of Hopscotch {Int+3}
  7969 | D:7      | Reached skill level 16 in Dodging
  8061 | D:7      | Noticed an unseen horror
  8070 | D:7      | Killed an unseen horror
  8104 | D:7      | Reached skill level 17 in Dodging
  8150 | D:7      | Noticed Prince Ribbit
  8164 | D:7      | Killed Prince Ribbit
  8515 | D:8      | Gained mutation: You are hated by all. [Ru sacrifice]
  8515 | D:8      | Reached ** piety under Ru
  8515 | D:8      | Reached *** piety under Ru
  9205 | D:9      | Reached skill level 18 in Dodging
  9228 | D:9      | Reached XP level 10. HP: 47/47 MP: 11/11
  9742 | D:8      | Reached skill level 19 in Dodging
 10981 | D:10     | Entered Level 10 of the Dungeon
 11154 | D:10     | Identified the +0 chain mail of Life {Str+3}
 11158 | D:10     | Noticed Erica
 11177 | D:10     | Reached skill level 20 in Dodging
 11202 | D:10     | Killed Erica
 11286 | D:10     | Noticed Sonja
 11318 | D:10     | Killed Sonja
 11319 | D:10     | Reached skill level 21 in Dodging
 11609 | D:10     | Reached XP level 11. HP: 49/51 MP: 12/12
 11772 | D:11     | Noticed an eight-headed hydra
 11777 | D:11     | Killed an eight-headed hydra
 11845 | D:11     | Found a staircase to the Lair.
 11902 | Lair:1   | Entered Level 1 of the Lair of Beasts
 12014 | Lair:1   | Reached skill level 22 in Dodging
 12758 | Lair:1   | Noticed an eight-headed hydra
 12768 | Lair:1   | Killed an eight-headed hydra
 13090 | Lair:2   | Noticed a four-headed hydra
 13102 | Lair:2   | Killed a four-headed hydra
 13103 | Lair:2   | Reached skill level 23 in Dodging
 13546 | Lair:2   | Found a staircase to the Swamp.
 14111 | Lair:2   | Noticed a six-headed hydra
 14123 | Lair:2   | Killed a six-headed hydra
 14272 | Lair:2   | Noticed an oklob plant
 14276 | Lair:2   | Noticed an oklob plant
 14397 | Lair:2   | Reached skill level 24 in Dodging
 14841 | Lair:3   | Reached XP level 12. HP: 56/56 MP: 13/13
 15225 | Lair:3   | You fall into a shaft and drop 3 floors!
 15225 | Lair:6   | Entered Level 6 of the Lair of Beasts
 15279 | Lair:4   | Reached skill level 25 in Dodging
 15366 | Lair:4   | Identified the +1 robe "Kareoh" {MP+9}
 15406 | Lair:4   | Gained mutation: You are somewhat unskilled. (-1 Apt) [Ru
                  | sacrifice]
 15406 | Lair:4   | Reduced skill Dodging to level 23
 15406 | Lair:4   | Reached **** piety under Ru
 15648 | Lair:4   | Noticed a death yak
 15650 | Lair:4   | Noticed a death yak
 15650 | Lair:4   | Noticed a death yak
 15650 | Lair:4   | Noticed a death yak
 15656 | Lair:4   | Noticed a death yak
 15814 | Lair:4   | Killed a death yak
 15880 | Lair:4   | Killed a death yak
 15900 | Lair:4   | Killed a death yak
 15913 | Lair:4   | Killed a death yak
 15920 | Lair:4   | Killed a death yak
 15921 | Lair:4   | Reached skill level 24 in Dodging
 16101 | Lair:4   | Found a staircase to the Snake Pit.
 17448 | Lair:5   | Reached XP level 13. HP: 58/58 MP: 10/14
 17522 | Lair:5   | Reached skill level 25 in Dodging
 18619 | Lair:6   | Found a staircase to the Slime Pits.
 18708 | Lair:6   | Gained mutation: You cannot study or cast Earth magic. [Ru
                  | sacrifice]
 18708 | Lair:6   | Gained mutation: You cannot study or cast Hexes magic. [Ru
                  | sacrifice]
 18708 | Lair:6   | Gained mutation: You cannot study or cast Translocations
                  | magic. [Ru sacrifice]
 18708 | Lair:6   | Reached ***** piety under Ru
 18868 | Lair:6   | Reached skill level 26 in Dodging
 19139 | Lair:6   | Drowned by a drowned soul

Illustrated notes

Levels and vault maps discovered:
D:1:      nzn_arrival_water_spiral, layout_rooms, minmay_misc_feat_iff
D:2:      minmay_wonky_spiral, layout_rooms, hellmonk_ecumenical_altar_zigzags,
          uniq_robin, uniq_crazy_yiuf_cottage, uniq_terence, uniq_sigmund
D:3:      layout_loops_ring, kennysheep_generic_room_4
D:4:      minmay_door_path, layout_loops_ring, uniq_eustachio
D:5:      layout_loops_corners, minmay_temple_entry_proselytizer, serial_shops,
          nicolae_take_the_stairs, gammafunk_ghost_cemetery
D:6:      minmay_skewed_foursquare, layout_loops_cross,
          chequers_serial_rivers_large_a, minmay_checkerbox, uniq_duvessa
D:7:      layout_basic, uniq_prince_ribbit1
D:8:      layout_cave_pods, amcnicky_altar_gilded
D:9:      layout_rooms
D:10:     layout_basic, small_statue_alley_b, minmay_misc_feat_pillars,
          uniq_sonja, uniq_erica
D:11:     layout_basic, david_lair_shrubbed, serial_shops,
          nicolae_lakefront_shop, nicolae_shop_overgrown_old_shop, shop, shop,
          shop
Temple:   kilobyte_greek_temple
Lair:1:   layout_chaotic_city, infiniplex_staircase_pool_2, grunt_megastairs_2,
          serial_bayou_shore_b
Lair:2:   minmay_lair_oklob_tunnel, layout_hall_layers,
          minmay_swamp_entry_swarm, serial_bayou_shore_a, grunt_megastairs_1,
          lemuel_fruit_tree
Lair:3:   layout_regular_city, grunt_megastairs_4, uniq_rupert
Lair:4:   layout_layer_cave, minmay_snake_entry_guardpost_small,
          nicolae_volcano_entry_s_turn
Lair:5:   layout_cave_pods
Lair:6:   gammafunk_lair_ancient_temple, layout_gridlike,
          minmay_slime_entry_oklob_enclosed

Skill      XL: |  1  2  3  4  5  6  7  8  9 10 11 12 13 |
---------------+----------------------------------------+-----
Dodging        | 8 10 12 15 18 21 24 24 26 | 26.2
Stealth        | 2 |  2.6
Fighting       | |  2.1
Short Blades   | |  3.0
Shields        | |  0.3

Action                   |  1- 3 |  4- 6 |  7- 9 | 10-12 | 13-15 || total
-------------------------+-------+-------+-------+-------+-------++-------
Melee: Short sword       |    72 |    64 |       |       |       ||   136
       Dagger            |       |   108 |   309 |   862 |   268 ||  1547
Throw: Throwing net      |     2 |       |       |       |       ||     2
Invok: Sacrifice Drink   |       |       |     1 |       |       ||     1
       Sacrifice Love    |       |       |     1 |       |       ||     1
       Power Leap        |       |       |       |    15 |    13 ||    28
       Sacrifice Skill   |       |       |       |     1 |       ||     1
       Draw Out Power    |       |       |       |       |     1 ||     1
       Apocalypse        |       |       |       |       |     1 ||     1
       Sacrifice Arcana  |       |       |       |       |     1 ||     1
Evoke: Wand              |       |     3 |     2 |     1 |       ||     6
       Phial of floods   |       |       |     1 |     1 |       ||     2
  Use: Scroll            |       |     7 |     2 |     6 |     2 ||    17
 Stab: Sleeping          |     6 |    11 |     8 |    11 |     1 ||    37
       Held in net/web   |     1 |       |       |       |       ||     1
       Paralysed         |       |     1 |     2 |     1 |       ||     4
       Invisible         |       |       |       |     2 |     3 ||     5
       Distracted        |       |       |       |     5 |       ||     5
       Petrified         |       |       |       |       |     3 ||     3
Armor: Robe              |     5 |     8 |    21 |    52 |    40 ||   126
Dodge: Dodged            |    63 |   124 |   246 |   992 |   493 ||  1918
Block: Buckler           |       |       |       |       |    20 ||    20

Table legend: (Time is in decaauts)
 A = Elapsed time spent in this place.
 B = Non-inter-level travel time spent in this place.
 C = Inter-level travel time spent in this place.
 D = Time resting spent in this place.
 E = Time spent auto-exploring this place.
 F = Levels seen in this place.
 G = Mean time per level.
                   A        B        C        D        E       F      G
               +--------+--------+--------+--------+--------+-----+--------+
         Total |  14512 |  14105 |    407 |   3215 |   7575 |  18 |  806.2 |
       Dungeon |   9047 |   8794 |    253 |   2704 |   4357 |  11 |  822.5 |
        Temple |    118 |     99 |     19 |      0 |     76 |   1 |  118.0 |
          Lair |   5347 |   5214 |    133 |    511 |   3141 |   6 |  891.2 |
               +--------+--------+--------+--------+--------+-----+--------+

Top non-repeatable levels by time:
     D:8: 1508 daAuts
  Lair:1: 1274 daAuts
     D:5: 1261 daAuts
     D:3: 1161 daAuts
  Lair:4: 1031 daAuts
  Lair:2: 1012 daAuts
     D:4: 922 daAuts
  Lair:5: 908 daAuts
     D:6: 871 daAuts
  Lair:6: 848 daAuts
     D:2: 843 daAuts
     D:1: 794 daAuts
     D:9: 607 daAuts
    D:10: 527 daAuts
     D:7: 455 daAuts
